cohdb
Replays
Latest Replays
All Replays
Popular Replays
Top Player Replays
Match Explorer
How It Works
Community
CoH3 Stats
Reddit
Sign in to upload your games and track your stats! →
Sign in with Steam
Match 41765727
Unlisted
Match 41765727
Overview
Messages
Build Orders
End
Panzergrenadier Squad
Selects Panzerjäger Kommand Battlegroup
Selects Mine Fields
250 Light Carrier
Panzergrenadier Squad
Panzergrenadier Squad
Construct Light Support Kompanie
Fire Support Elements
2.5-tonne Medical Truck
Panzerjäger Mechanized Group
Veteran Squad Leaders
Panzerjäger Squad
Selects Early Warning
Selects Butterfly Bomb Drop
Construct Panzerarmee Kommand
Panzerjäger Mechanized Group
Selects Tank Busters
Armored Reserves
le.IG 18 Support Gun Team
Alex
Exela
coledj0408
S.W.A
0
0
Comments
sign in to comment!
No comments posted yet!